 Dungeon Crawl Stone Soup version 0.31-a0-654-gbe3e110b4e (webtiles) character file.

Game seed: 4954256723581555691

57 Doj the Ruffian (level 3, -2/35 HPs)
             Began as a Troll Warper on Aug 29, 2023.
             Slain by an ogre
             ... wielding a +0 giant spiked club
              (18 damage)
             ... on level 4 of the Dungeon.
             The game lasted 00:12:40 (981 turns).

Doj the Ruffian (Troll Warper)                       Turns: 981, Time: 00:12:40

Health: -2/35      AC:  4    Str: 21    XL:     3   Next: 73%
Magic:  13/13      EV: 10    Int:  9    God:
Gold:   50         SH:  0    Dex:  9    Spells: 4/4 levels left

rFire   . .          .
                       - Unarmed
rCold   . . .        (no shield)
rNeg    . . .        a - +0 robe
rPois   .            (helmet restricted)
rElec   .            (no cloak)
rCorr   .            (gloves unavailable)
SInv    .            (boots unavailable)
Will    .....        (no amulet)
Stlth   +            l - ring of magical power
HPRegen 1.05/turn    (no ring)
MPRegen 0.13/turn

%: no passive effects
@: no status effects
A: large, unfitting armour, claws 3, regeneration 1, shaggy fur 1, tough skin 1
a: no special abilities


You were on level 4 of the Dungeon.
You visited 1 branch of the dungeon, and saw 4 of its levels.

You collected 50 gold pieces.

Inventory:

Hand Weapons
 g - a +0 short sword
 k - a +0 mace
Missiles
 c - 7 darts of dispersal (quivered)
 d - 15 stones
 j - a throwing net
Armour
 a - a +0 robe (worn)
Jewellery
 l - a ring of magical power (left claw)
Talismans
 i - a serpent talisman
Scrolls
 b - a scroll of blinking
 e - a scroll of identify {unknown}
 h - a scroll of amnesia {unknown}
Potions
 f - a potion of heal wounds {unknown}


   Skills:
 + Level 1.8 Fighting
 + Level 0.8 Throwing
 + Level 2.2 Dodging
 + Level 2.7 Unarmed Combat
 + Level 1.4 Spellcasting
 + Level 2.6 Translocations


You had 4 spell levels left.
You didn't know any spells.
Your spell library contained the following spells:

 Spells                   Type           Power      Damage    Failure   Level
 Blink                    Tloc           10%        N/A       19%         2
 Lesser Beckoning         Tloc           10%        N/A       19%         2
 Teleport Other           Tloc           5%         N/A       34%         3
 Manifold Assault         Tloc           5%         N/A       75%         4
 Vhi's Electric Charge    Tloc/Air       6%         N/A       90%         4


Dungeon Overview and Level Annotations

Branches:
Dungeon (4/15)             Temple (0/1) D:4

Altars:


Innate Abilities, Weirdness & Mutations

You are too large for most types of armour.
You have claws for hands.
Your natural rate of healing is unusually fast.
You are covered in fur. (AC +1)
You have tough skin. (AC +1)


Message History

The adder barely misses you. The adder bites you but does no damage.
You barely miss the adder. The adder misses you.
You closely miss the adder. The adder bites you but does no damage.
You closely miss the adder. The adder barely misses you.
You barely miss the adder. Your claw misses the adder.
The adder closely misses you.
You claw the adder!
You kill the adder!
You see here an adder corpse.
Found a stone staircase leading down.
There is a stone staircase leading down here.
You climb downwards.
Found a staircase to the Ecumenical Temple.
There is a stone staircase leading up here.
An ogre comes into view. It is wielding a +0 giant spiked club.
The ogre shouts!
You hear a shout!
A goblin and an orc come into view.
The goblin shouts!
The orc shouts!
You hear a shout! x2
The orc moves out of view.
An orc wizard comes into view. It is wielding a +0 dagger.
An endoplasm comes into view.
You scratch the ogre.
The ogre is lightly wounded.
You scratch the ogre.
The ogre is moderately wounded.
The ogre barely misses you.
Something unseen opens the door.
You claw the ogre!
The ogre is severely wounded.
An orc comes into view. It is wielding a +0 hand axe.
The ogre hits you with a +0 giant spiked club!!
Ouch! That really hurt!
The orc wizard casts a spell at you. You resist with significant effort.
The orc wizard mumbles some strange words.
The orc wizard flickers and vanishes!
Deactivating autopickup; reactivate with Ctrl-A.
There is a stone staircase leading up here.
The ogre hits you with a +0 giant spiked club!!
Ouch! That really hurt!
You die...

.... 'o.#.#.#...
.....#o#.#.#.#..
.....#{.#.>.#...
......#.#.#.#..
.....#.#.#...
#J..#.#....
#.go......#
###O#...### #@#
### #<# ###


You could see an ogre, 2 orcs, an endoplasm and a goblin.

Vanquished Creatures
  An adder (D:3)
  A dart slug (D:1)
  4 endoplasms
  2 giant cockroaches (D:1)
  4 hobgoblins
  8 jackals (D:1)
  A quokka (D:1)
  2 ball pythons
  4 bats
  A frilled lizard (D:2)
  7 goblins
  A kobold (D:1)
  3 rats (D:1)
39 creatures vanquished.

Notes
Turn   | Place    | Note
-------+----------+-------------------------------------------
     0 | D:1      | Doj the Troll Warper began the quest for the Orb.
     0 | D:1      | Reached XP level 1. HP: 19/19 MP: 1/1
   123 | D:1      | Reached XP level 2. HP: 26/27 MP: 3/3
   321 | D:1      | Reached XP level 3. HP: 35/35 MP: 4/4
   970 | D:4      | Found a staircase to the Ecumenical Temple.
   971 | D:4      | Noticed an ogre
   981 | D:4      | Slain by an ogre

Illustrated notes

Levels and vault maps discovered:
D:1:      dpeg_arrival_windows_large_door, layout_basic
D:2:      layout_loops_corners, serial_shops, nicolae_shop_tiny_statue_garden,
          minmay_vboxes, uniq_crazy_yiuf_cottage, uniq_sigmund
D:3:      layout_basic, nicolae_dithmenos_shadow_blocks, basic_ecumenical_altar
D:4:      layout_basic, mainiacjoe_overflow_alcove_2,
          mainiacjoe_overflow_large_starburst, minmay_temple_entry_grid,
          gammafunk_ghost_abyssal_escape, st_stairs_4

Skill      XL: |  1 |
---------------+----+-----
Dodging        | 2 |  2.2
Fighting       | |  1.8
Throwing       | |  0.8
Unarmed Combat | |  2.7
Spellcasting   | |  1.4
Translocations | |  2.6

Action                     || total
---------------------------++-------
  Melee: Unarmed           ||    94
         Club              ||    11
         Constrict         ||     1
 Armour: Robe              ||    36
         Skin              ||     2
  Dodge: Dodged            ||    54
         Form:             ||     1
         Anaconda          ||     1

Table legend: (Time is in decaauts)
 A = Elapsed time spent in this place.
 B = Non-inter-level travel time spent in this place.
 C = Inter-level travel time spent in this place.
 D = Time resting spent in this place.
 E = Time spent auto-exploring this place.
 F = Levels seen in this place.
 G = Mean time per level.
                   A        B        C        D        E       F      G
               +--------+--------+--------+--------+--------+-----+--------+
         Total |    978 |    951 |     27 |      0 |      0 |   4 |  244.5 |
       Dungeon |    978 |    951 |     27 |      0 |      0 |   4 |  244.5 |
               +--------+--------+--------+--------+--------+-----+--------+

Top non-repeatable levels by time:
     D:1: 766 daAuts
     D:2: 136 daAuts
     D:3: 65 daAuts
     D:4: 10 daAuts
